[Event "Team 45 45 League T26"]
[Site "Internet Chess Club"]
[Date "2005.03.19"]
[Round "1"]
[White "jantonio"]
[Black "Katzie"]
[Result "1/2-1/2"]
[WhiteElo "1634"]
[BlackElo "1577"]
[TimeControl "2700+45"]

1. d4 Nf6 2. e3 g6 3. Bd3 Bg7 4. Nd2 O-O 5. f4 d5 6. Ngf3 Nc6 7. c3 Bd7 8. O-O
a6 9. Qe1 b5 10. b4 Qc8 11. Ne5 Rd8 12. Nxd7 Nxd7 13. Bb2 Nb6 14. Rc1 Na4 15.
Ba1 Qd7 16. Nf3 h5 17. Qg3 Rab8 18. Rc2 a5 19. a3 axb4 20. axb4 e6 21. Ra2 Ne7
22. Ne5 Qe8 23. e4 Ra8 24. Rc2 Rd6 25. exd5 Nxd5 26. Be4 Rda6 27. f5 gxf5 28.
Bxd5 exd5 29. Rxf5 Qe7 30. Rcf2 f6 31. Ng6 Qe8 32. Rxh5 Qe1+ 33. Rf1 Qxg3 34.
hxg3 Nb6 35. Ne7+ Kf7 36. Nxd5 Nxd5 37. Rxd5 Rxa1 38. Rd7+ Kg6 39. Rxc7 Bh6 40.
Rxa1 Rxa1+ 41. Kf2 Rc1 42. d5 Rd1 43. Rc5 Rd2+ {Game drawn by mutual agreement}
1/2-1/2

[Event "Team 45 45 League T26"]
[Site "Internet Chess Club"]
[Date "2005.03.17"]
[Round "1"]
[White "Zornorph"]
[Black "bigarrow"]
[Result "1/2-1/2"]
[WhiteElo "1991"]
[BlackElo "1855"]
[TimeControl "2700+45"]

1. c4 Nf6 2. Nf3 g6 3. Nc3 Bg7 4. g3 O-O 5. Bg2 d6 6. O-O e5 7. d3 c5 8. Ne1 Nc6
9. Nc2 Be6 10. Ne3 Qd7 11. Ned5 Rab8 12. Bg5 Nh5 13. Rb1 f6 14. Bd2 f5 15. f4
Rbe8 16. a3 exf4 17. Nxf4 Nxf4 18. Bxf4 a6 19. Re1 Ne5 20. a4 h6 21. Qb3 Rf7 22.
Bd2 Nc6 23. Nd5 g5 24. e3 h5 25. Bf3 g4 26. Bg2 h4 27. Nf4 hxg3 28. hxg3 Nd8 29.
Kf2 Be5 30. Rh1 Bxf4 31. exf4 Nc6 32. Bxc6 Qxc6 33. Qd1 d5 34. Rh6 dxc4 35. Qh1
Qxh1 36. Rbxh1 Kf8 37. dxc4 Rd7 38. Bc3 Bxc4 39. Rh8+ Bg8 40. R1h5 Ke7 41. Rxf5
Rd5 42. Rxd5 Bxd5 43. Rh7+ Ke6 44. Be5 Re7 45. Rh6+ Kf7 46. Rf6+ Ke8 47. Bd6 Rh7
48. Ke3 Bf3 49. f5 Rh2 50. Re6+ Kd7 51. Be5 Re2+ 52. Kf4 Re4+ 53. Kg5 Rxa4 54.
Rd6+ Ke8 55. Kg6 Re4 56. Bf6 Kf8 57. Rd8+ Re8 58. Rd7 Rc8 59. Rh7 Ke8 60. Re7+
Kf8 61. Bg5 Bd1 62. Rxb7 Bc2 63. Rf7+ Kg8 64. Ra7 Bd3 65. Bf6 Kf8 66. Rf7+ Kg8
67. Rg7+ Kf8 68. Kg5 Be2 69. Rh7 Rc6 70. Kg6 Bc4 71. Rd7 Rc8 72. Bg5 Bb5 73.
Rf7+ Kg8 74. Bf6 Be8 75. Kg5 Bxf7 76. Kxg4 {Game drawn by mutual agreement}
1/2-1/2

[Event "Team 45 45 League T26"]
[Site "Internet Chess Club"]
[Date "2005.03.17"]
[Round "1"]
[White "Stav"]
[Black "megamaster"]
[Result "0-1"]
[WhiteElo "1700"]
[BlackElo "2016"]
[TimeControl "2700+45"]

1. d4 d5 2. Nf3 Nf6 3. Bf4 Bf5 4. e3 Nbd7 5. Nbd2 e6 6. h3 Be7 7. Be2 O-O 8. Nh4
c5 9. Nxf5 exf5 10. dxc5 Nxc5 11. O-O Bd6 12. Bxd6 Qxd6 13. Bd3 Nxd3 14. cxd3 f4
15. Rc1 fxe3 16. fxe3 Qb6 17. d4 Qxb2 18. Qc2 Qxc2 19. Rxc2 Rfe8 20. Kf2 Re7 21.
Rfc1 Rae8 22. Nf1 Ne4+ 23. Kf3 b5 24. Rc8 Kf8 25. R1c7 Rxc7 26. Rxc7 Re6 27.
Rxa7 Rf6+ 28. Ke2 Rf2+ 29. Ke1 Rxg2 30. Ra5 Nc3 31. Ra8+ Ke7 32. Ra7+ Kf6 33.
Ra6+ Kf5 34. Nd2 Re2+ 35. Kf1 Rxd2 36. Ra7 Kg6 37. Ra6+ f6 38. Rc6 Nxa2 39. Rc5
b4 40. Rxd5 b3 41. Rb5 b2 42. d5 Rd1+ 43. Ke2 b1=Q 44. Rxb1 Rxb1 45. Kd3 Nb4+
46. Kc4 Kf5 47. Kc5 Nxd5 {White resigns} 0-1

[Event "Team 45 45 League T26"]
[Site "Internet Chess Club"]
[Date "2005.03.21"]
[Round "1"]
[White "MrAnderssen"]
[Black "Fegary"]
[Result "0-1"]
[WhiteElo "1652"]
[BlackElo "1697"]
[TimeControl "2700+45"]

1. e4 d6 2. d4 Nf6 3. Nc3 g6 4. Nf3 Bg7 5. Bc4 c6 6. Bg5 O-O 7. Qd2 d5 8. Bxf6
dxc4 9. Bxg7 Kxg7 10. O-O-O b5 11. h4 h5 12. Rdg1 Qa5 13. a3 Na6 14. Ne5 b4 15.
axb4 Nxb4 16. Kd1 Be6 17. g4 Rh8 18. gxh5 Rxh5 19. Ke2 Rd8 20. Rg5 Rxg5 21. Qxg5
Nxc2 22. h5 Nxd4+ 23. Kf1 Rh8 24. h6+ Kh7 25. Qxe7 Qxe5 26. Qxa7 Nb5 27. Nxb5
cxb5 28. Qa3 Qxe4 29. Qc3 Qxh1+ 30. Ke2 Bg4+ 31. Kd2 Rd8+ 32. Kc2 Qd1# {White
checkmated} 0-1

[Event "Team 45 45 League T26"]
[Site "Internet Chess Club"]
[Date "2005.03.29"]
[Round "1"]
[White "Mikey29a"]
[Black "Pilgrim"]
[Result "1-0"]
[WhiteElo "1652"]
[BlackElo "1570"]
[TimeControl "2700+45"]

1. e4 c5 2. Nf3 d6 3. d4 cxd4 4. Nxd4 Nf6 5. Nc3 a6 6. Be3 e5 7. Nb3 Be6 8. f3
Be7 9. Qd2 b5 10. O-O-O Nbd7 11. g4 h6 12. h4 Rc8 13. Bg2 Nb6 14. Kb1 Nc4 15.
Qf2 Qc7 16. g5 Nxe3 17. Qxe3 b4 18. gxf6 gxf6 19. Ne2 Qxc2+ 20. Ka1 Bc4 21. Rd2
Bxe2 22. Rxc2 Rxc2 23. Rc1 Rxc1+ 24. Qxc1 Rg8 25. Bh3 Rg3 26. Qc8+ Bd8 27. Qd7+
Kf8 28. Qxd8+ Kg7 29. a3 Bc4 30. Nc1 Rg1 31. b3 Rxc1+ 32. Kb2 Rc3 33. bxc4 Rxa3
34. Bg4 a5 35. Bh5 a4 36. Qe7 Rb3+ 37. Kc2 Rc3+ 38. Kd2 a3 39. Qxf7+ Kh8 40. Bg6
a2 41. Qh7# {Black checkmated} 1-0

[Event "Team 45 45 League T26"]
[Site "Internet Chess Club"]
[Date "2005.03.20"]
[Round "1"]
[White "hotzoddy"]
[Black "clarinetref"]
[Result "1/2-1/2"]
[WhiteElo "1377"]
[BlackElo "1463"]
[TimeControl "2700+45"]

1. e4 Nf6 2. Nc3 d5 3. d3 d4 4. Nce2 e5 5. Ng3 g6 6. Be2 Bg7 7. h3 Be6 8. Nf3
Nbd7 9. O-O c5 10. Bd2 Qc7 11. b3 h5 12. Ng5 h4 13. Nxe6 fxe6 14. Nh1 O-O-O 15.
Rb1 Bh6 16. f3 Bxd2 17. Qxd2 b6 18. Nf2 Nh5 19. Ng4 Nf4 20. Kh2 Rdf8 21. Qe1 Nf6
22. Nxf6 Rxf6 23. Rg1 g5 24. g3 hxg3+ 25. Rxg3 Rfh6 26. Bf1 Qh7 27. Kg1 Nxh3+
28. Rxh3 Rxh3 29. Bxh3 Qxh3 30. Kf2 Rf8 31. Qh1 Qh4+ 32. Qxh4 gxh4 33. Rh1 Rf4
34. Kg2 Kd7 35. a3 Kc6 36. Ra1 Rf7 37. Kh3 Rxf3+ 38. Kxh4 Rf2 39. Ra2 b5 40. Kg3
Rf4 41. b4 c4 42. a4 a6 43. axb5+ Kxb5 44. Ra5+ Kxb4 45. Rxe5 Rf1 46. Rxe6 cxd3
47. cxd3 Rd1 48. Rxa6 Rxd3+ 49. Kf4 Rd1 50. e5 d3 51. e6 d2 52. e7 Rf1+ 53. Kg5
d1=Q 54. e8=Q Qd5+ 55. Kg4 Qf3+ 56. Kh4 Qf4+ 57. Kh5 Rh1+ 58. Kg6 Rg1+ 59. Kh7
Qf5+ 60. Rg6 Qh3+ 61. Rh6 Qd3+ 62. Rg6 Rh1+ 63. Kg7 Qc3+ 64. Rf6 Rg1+ 65. Kf7
Qc4+ 66. Qe6 Qc7+ 67. Qe7+ Qxe7+ 68. Kxe7 {Game drawn by mutual agreement}
1/2-1/2

[Event "Team 45 45 League T26"]
[Site "Internet Chess Club"]
[Date "2005.03.18"]
[Round "1"]
[White "jientho"]
[Black "Millwright"]
[Result "1/2-1/2"]
[WhiteElo "1326"]
[BlackElo "1303"]
[TimeControl "2700+45"]

1. e4 e6 2. d4 d5 3. e5 c5 4. c3 Nc6 5. Nf3 Bd7 6. Be3 cxd4 7. cxd4 Qb6 8. Qd2
Nge7 9. Nc3 Nf5 10. Bd3 Nxe3 11. fxe3 Be7 12. O-O O-O-O 13. Rac1 Kb8 14. Na4 Qc7
15. Nc5 Rc8 16. Rc3 Ka8 17. Qc2 Bxc5 18. Rxc5 a6 19. Nd2 Be8 20. Rc1 Qd8 21. b4
Bd7 22. b5 Nb4 23. Rxc8+ Bxc8 24. Qb1 Nxd3 25. Qxd3 Ka7 26. bxa6 bxa6 27. Nb3
Qb6 28. Rc5 Bd7 29. Qc3 Kb7 30. Na5+ Kb8 31. Nc6+ Kb7 32. Na5+ Kb8 33. Nc6+ Kb7
34. Na5+ {Game drawn by repetition} 1/2-1/2

[Event "Team 45 45 League T26"]
[Site "Internet Chess Club"]
[Date "2005.03.19"]
[Round "1"]
[White "WannaB"]
[Black "slakkjaw"]
[Result "0-1"]
[WhiteElo "1195"]
[BlackElo "1250"]
[TimeControl "2700+45"]

1. e4 e5 2. Nf3 Nc6 3. Bc4 h6 4. a3 Nf6 5. Nc3 a6 6. Bb3 Bc5 7. Nd5 Nxe4 8. O-O
d6 9. Qe1 Bf5 10. d3 Bg4 11. dxe4 Bxf3 12. gxf3 Nd4 13. f4 Nf3+ 14. Kg2 Nxe1+
15. Rxe1 c6 16. Ba4 b5 17. b4 bxa4 18. Ne3 Bxe3 19. Bxe3 exf4 20. Bxf4 g5 21.
Bg3 Qb6 22. e5 d5 23. e6 Ra7 24. exf7+ Kxf7 25. Be5 Rf8 26. Rad1 Kg6 27. Bd4 Qb7
28. Bxa7 Qxa7 29. Re6+ Rf6 30. Rxf6+ Kxf6 31. c4 dxc4 32. Rd6+ Kf5 33. Rxc6 Qb7
34. Kg3 Qxc6 35. f3 Qd6+ 36. Kg2 Qd5 37. h3 h5 38. Kg3 Qd2 39. h4 gxh4+ 40. Kxh4
Qh2# {White checkmated} 0-1

[Event "Team 45 45 League T26"]
[Site "Internet Chess Club"]
[Date "2005.03.18"]
[Round "1"]
[White "Knight-Rookie"]
[Black "chessqueen83"]
[Result "1-0"]
[WhiteElo "1162"]
[BlackElo "1066"]
[TimeControl "2700+45"]

1. e4 e5 2. Nf3 Nc6 3. Bb5 Nf6 4. d3 Bc5 5. O-O O-O 6. Bxc6 dxc6 7. Nxe5 Bxf2+
8. Rxf2 Qd4 9. Nf3 Bg4 10. Nxd4 Bxd1 11. Nc3 Rad8 12. Nf5 Bxc2 13. Rxc2 Rxd3 14.
Rd2 Rxd2 15. Bxd2 Rd8 16. Bg5 g6 17. Bxf6 Rd2 18. Nh6+ Kf8 19. Rd1 Rxd1+ 20.
Nxd1 c5 21. Ne3 c6 22. Nc4 b5 23. Na5 a6 24. Nxc6 Ke8 25. Ne5 a5 26. b3 Kf8 27.
Nhxf7 Ke8 28. Nd6+ Kf8 29. Nd7+ Kg8 30. Nxb5 Kf7 31. Nd6+ Ke6 32. Nxc5+ Kxd6 33.
Nb7+ Ke6 34. e5 h6 35. Nxa5 g5 36. b4 h5 37. b5 g4 38. b6 Kd7 39. b7 Kc7 40. e6
Kb8 41. e7 {Black resigns} 1-0

[Event "Team 45 45 League T26"]
[Site "Internet Chess Club"]
[Date "2005.03.20"]
[Round "1"]
[White "pumba"]
[Black "wojozim"]
[Result "1-0"]
[WhiteElo "1431"]
[BlackElo "1401"]
[TimeControl "2700+45"]

1. e4 c5 2. Nc3 Nc6 3. f4 d6 4. Nf3 Nf6 5. Bb5 a6 6. Bxc6+ bxc6 7. d3 g6 8. O-O
Bg7 9. Qe1 O-O 10. Qh4 Kh8 11. f5 Ng8 12. Ng5 h6 13. fxg6 fxg6 14. Nf7+ Rxf7 15.
Rxf7 Bf6 16. Rxf6 exf6 17. Bxh6 Nxh6 18. Qxh6+ Kg8 19. Qxg6+ Kf8 20. Rf1 f5 21.
exf5 Qe7 22. Qh6+ Qg7 23. Qxd6+ Qe7 24. Ne4 Ra7 25. f6 Qxd6 26. Nxd6 Rd7 27.
Nxc8 Rd8 28. Nb6 Kf7 29. Nc4 Rd7 30. Ne5+ {Black resigns} 1-0

[Event "Team 45 45 League T26"]
[Site "Internet Chess Club"]
[Date "2005.03.18"]
[Round "1"]
[White "sdcohle"]
[Black "Tomate"]
[Result "0-1"]
[WhiteElo "1337"]
[BlackElo "1349"]
[TimeControl "2700+45"]

1. d4 d5 2. c4 c6 3. e3 Bf5 4. Nc3 Nf6 5. Nf3 e6 6. Be2 Bb4 7. Bd2 O-O 8. O-O
Re8 9. Nh4 Ne4 10. Nxf5 exf5 11. Nxe4 fxe4 12. Bxb4 Nd7 13. Qb3 Nf6 14. cxd5
cxd5 15. Rac1 b6 16. f3 a5 17. Ba3 Rc8 18. Rxc8 Qxc8 19. Qxb6 Qc2 20. Qb5 a4 21.
h3 h6 22. Kf2 Re6 23. Re1 exf3 24. gxf3 Qf5 25. Qb8+ Kh7 26. Qg3 Ne4+ 27. Kg2
Nxg3 28. Kxg3 Rxe3 29. Bb4 Qg5+ 30. Kf2 Re6 31. Bd3+ g6 32. Rh1 Qh4+ 33. Kf1 Qg3
34. Be2 Rc6 35. Bd2 Rc2 36. Be3 Rxb2 37. f4 Rb1+ 38. Bd1 Rxd1+ 39. Ke2 Rxh1 40.
Bf2 Rh2 41. Kf1 Qxf2# {White checkmated} 0-1

[Event "Team 45 45 League T26"]
[Site "Internet Chess Club"]
[Date "2005.03.20"]
[Round "1"]
[White "MrEvill"]
[Black "chessterbaggins"]
[Result "1-0"]
[WhiteElo "1227"]
[BlackElo "1280"]
[TimeControl "2700+45"]

1. e4 e5 2. Nf3 Nc6 3. d4 Nf6 4. d5 Ne7 5. d6 cxd6 6. Qxd6 Ng6 7. Qd3 Qb6 8. Nc3
Bb4 9. Bd2 Bxc3 10. Bxc3 O-O 11. Nxe5 d6 12. Nxg6 fxg6 13. O-O-O Ng4 14. Qd5+
Kh8 15. Bd4 Qc7 16. Bc4 Qe7 17. f4 Nf6 18. Bxf6 Qxf6 19. Qxd6 Bg4 20. e5 Qxf4+
21. Kb1 Bxd1 22. e6 Qxc4 23. Rxd1 Rf1 24. e7 Rxd1+ 25. Qxd1 h6 26. b3 Qe6 27.
Qd8+ Kh7 28. Qxa8 Qxe7 29. Qxa7 h5 30. a4 Qe4 31. Qf2 b6 32. Qxb6 Qxg2 33. Qc7
h4 34. a5 h3 35. a6 Qf1+ 36. Kb2 Qxa6 37. Qg3 Qf6+ 38. Ka3 Qa1+ 39. Kb4 Qf1 40.
Qh4+ Kg8 41. Qc4+ Kh7 42. Qxf1 g5 43. Qxh3+ Kg6 44. Kc5 Kf6 45. Kd6 Kf7 46. Qh5+
Kf8 47. Ke6 g6 48. Qh8# {Black checkmated} 1-0

[Event "Team 45 45 League T26"]
[Site "Internet Chess Club"]
[Date "2005.03.19"]
[Round "1"]
[White "Rojo"]
[Black "GLuft"]
[Result "1-0"]
[WhiteElo "1150"]
[BlackElo "1087"]
[TimeControl "2700+45"]

1. d4 d5 2. Nf3 Nc6 3. Bf4 e6 4. e3 Nf6 5. Nc3 Bd6 6. Bxd6 Qxd6 7. Bb5 Bd7 8.
Bxc6 Bxc6 9. Qd3 Qb4 10. Rb1 Ne4 11. O-O a6 12. a3 Bb5 13. axb4 Bxd3 14. cxd3
Nd6 15. e4 Nb5 16. Nxb5 axb5 17. Ra1 O-O 18. Ra3 Ra4 19. Rxa4 bxa4 20. Ra1 b5
21. Ne5 f6 22. Nf3 Rf7 23. e5 f5 24. Rc1 Kf8 25. Rc5 c6 26. Rxc6 Re7 27. Rb6 Rc7
28. h3 Ke7 29. Rxb5 Rc2 30. Rb7+ Kd8 31. Ra7 Rxb2 32. Rxa4 Rb1+ 33. Kh2 Rb3 34.
Ra6 Kd7 35. Ra7+ Kc6 36. Rxg7 Rxd3 37. Re7 Kb5 38. Rxe6 Kxb4 39. Rh6 Rd2 {Black
resigns} 1-0

[Event "Team 45 45 League T26"]
[Site "Internet Chess Club"]
[Date "2005.03.20"]
[Round "1"]
[White "houseofcook"]
[Black "SeanT"]
[Result "1/2-1/2"]
[WhiteElo "1265"]
[BlackElo "1374"]
[TimeControl "2700+45"]

1. e4 e5 2. d4 exd4 3. c3 dxc3 4. Nxc3 Bb4 5. Qd4 Bxc3+ 6. Qxc3 Nf6 7. Nf3 Nc6
8. Bd3 Qe7 9. e5 Nd5 10. Qd2 Nxe5 11. Nxe5 Qxe5+ 12. Qe2 Qxe2+ 13. Bxe2 O-O 14.
O-O d6 15. Bd2 Re8 16. Bf3 Be6 17. Rac1 c5 18. a3 Rab8 19. Bxd5 Bxd5 20. Bf4 Re6
21. Rfd1 Bc6 22. Bxd6 Rd8 23. Bxc5 Rxd1+ 24. Rxd1 h6 25. Bxa7 Re2 26. Bd4 Re4
27. h3 Ba4 28. Rd2 Bc6 29. f3 Re6 30. Bc3 Rg6 31. Kf2 Re6 32. b4 Kf8 33. Rd8+
Ke7 34. Rd2 Bb5 35. Bxg7 h5 36. Bc3 Bc4 37. a4 Rc6 38. a5 Be6 39. Bb2 Rc4 40. b5
Ke8 41. a6 bxa6 42. bxa6 Ra4 43. a7 Rxa7 44. Bd4 Rd7 45. Ke3 h4 46. Kf4 f5 47.
Be3 Rb7 48. Rd6 Kf7 49. Kg5 Rb2 50. Rd2 Rb4 51. Bf2 Rb5 52. Kxh4 f4 53. Rd4 Rf5
54. g4 fxg3 55. Kxg3 Rg5+ 56. Kh2 Kf6 57. h4 Rf5 58. Kg3 Bd5 59. Rf4 Bf7 60.
Rxf5+ Kxf5 61. f4 Bh5 62. Be1 Bg4 63. Bd2 Bh5 {Game drawn by mutual agreement}
1/2-1/2

[Event "Team 45 45 League T26"]
[Site "Internet Chess Club"]
[Date "2005.03.21"]
[Round "1"]
[White "Lizaveta"]
[Black "Prop"]
[Result "1-0"]
[WhiteElo "1411"]
[BlackElo "1301"]
[TimeControl "2700+45"]

1. e4 e5 2. Nf3 Nc6 3. Nc3 Nf6 4. Bb5 Bc5 5. Nxe5 Qe7 6. Bxc6 dxc6 7. d4 O-O 8.
f4 Bd6 9. O-O Bxe5 10. fxe5 Bg4 11. exf6 Bxd1 12. fxe7 Rae8 13. exf8=Q+ Rxf8 14.
Rxd1 Re8 15. e5 {Black resigns} 1-0

[Event "Team 45 45 League T26"]
[Site "Internet Chess Club"]
[Date "2005.03.18"]
[Round "1"]
[White "jerry813"]
[Black "bluegrassplayer"]
[Result "0-1"]
[WhiteElo "1262"]
[BlackElo "1379"]
[TimeControl "2700+45"]

1. f4 Nc6 2. Nf3 b6 3. d4 d5 4. Nc3 Bb7 5. e4 dxe4 6. Nxe4 Nxd4 7. Neg5 Nxf3+ 8.
Nxf3 Qxd1+ 9. Kxd1 O-O-O+ 10. Bd3 Nf6 11. Rg1 e6 12. Ng5 Rd7 13. Ke2 h6 14. Bb5
c6 15. Nf3 cxb5 16. Be3 Bc5 17. Ne5 Rc7 18. Nd3 Bxe3 19. Kxe3 Ng4+ 20. Kd2 Nxh2
21. Ne5 Rd8+ 22. Ke3 f6 23. Nf3 Ng4+ 24. Ke2 Rxc2+ 25. Ke1 Rxb2 26. Rc1+ Kb8 27.
a3 Ne3 28. Nh4 Rc8 29. Rxc8+ Kxc8 30. Ng6 Rb1+ 31. Kf2 Ng4+ 32. Kg3 Rxg1 33.
Kxg4 Rxg2+ 34. Kh5 Bf3+ 35. Kh4 Rxg6 {White resigns} 0-1

[Event "Team 45 45 League T26"]
[Site "Internet Chess Club"]
[Date "2005.03.19"]
[Round "1"]
[White "DayDream01"]
[Black "EyeAm"]
[Result "1/2-1/2"]
[WhiteElo "1087"]
[BlackElo "1219"]
[TimeControl "2700+45"]

1. d4 f5 2. Nf3 Nf6 3. c4 e6 4. Nc3 Bb4 5. Bd2 O-O 6. e4 Bxc3 7. Bxc3 Nxe4 8.
Bb4 d6 9. d5 e5 10. Bd3 Na6 11. a3 Nxb4 12. axb4 Qe8 13. O-O Qh5 14. Re1 Ng5 15.
Be2 Nxf3+ 16. Bxf3 Qg5 17. c5 f4 18. h3 Bf5 19. Rc1 Bxh3 20. cxd6 cxd6 21. Kh2
Bd7 22. Rc7 Qh4+ 23. Kg1 Bc8 24. Qa4 Rf7 25. Qe8+ Rf8 26. Qa4 Qd8 27. Rc3 Bd7
28. b5 a6 29. Be4 Bxb5 30. Qc2 Qh4 31. Rc1 Be8 32. Rc7 Rb8 33. Qb3 Bb5 34. Qa3
Qf6 35. Qh3 h6 36. Qe6+ Qxe6 37. dxe6 Rfe8 38. e7 Kf7 39. Bd5+ Kf6 40. Bxb7 Rxe7
41. Rxe7 Kxe7 42. Bf3 Kd8 43. Rd1 Rb6 44. Kh2 Bd7 45. g3 Rxb2 46. Rxd6 Rxf2+ 47.
Bg2 Ke7 48. Rxa6 fxg3+ 49. Kg1 Rf6 50. Ra5 Bc6 51. Rxe5+ Kd6 52. Re3 Bxg2 53.
Kxg2 Re6 54. Rxg3 Re7 55. Kh3 Ke6 56. Re3+ Kf6 57. Rf3+ Ke6 58. Kg4 Rf7 59. Re3+
Kf6 60. Kh5 g6+ 61. Kxh6 g5 62. Rf3+ Ke6 63. Rxf7 Kxf7 64. Kxg5 {Game drawn
because neither player has mating material} 1/2-1/2

[Event "Team 45 45 League T26"]
[Site "Internet Chess Club"]
[Date "2005.03.20"]
[Round "1"]
[White "spaceways"]
[Black "ATLfalcons"]
[Result "0-1"]
[WhiteElo "1612"]
[BlackElo "1742"]
[TimeControl "2700+45"]

1. e4 c6 2. d4 d5 3. e5 Bf5 4. Nc3 e6 5. g4 Bg6 6. Nge2 Bb4 7. h4 Ne7 8. Bd2 h6
9. Na4 Bxd2+ 10. Qxd2 Be4 11. Rh3 Nd7 12. f3 Bh7 13. h5 Rc8 14. O-O-O c5 15.
dxc5 Nxc5 16. Nxc5 Rxc5 17. Nc3 O-O 18. Bd3 Bxd3 19. Qxd3 Qc7 20. f4 Rc8 21. Rh2
a6 22. Rdd2 b5 23. Ne2 a5 24. Nd4 b4 25. Nb5 Qb6 26. Nd4 a4 27. g5 hxg5 28. fxg5
Nc6 29. Nxc6 R5xc6 30. Rhg2 b3 31. a3 Rxc2+ 32. Rxc2 bxc2 33. g6 Qxb2+ 34. Kxb2
c1=Q+ 35. Ka2 Rc3 36. gxf7+ Kf8 37. Qh7 Qxa3+ 38. Kb1 Rc1# {White checkmated}
0-1

[Event "Team 45 45 League T26"]
[Site "Internet Chess Club"]
[Date "2005.03.20"]
[Round "1"]
[White "Lmcl"]
[Black "alaskauk"]
[Result "1-0"]
[WhiteElo "1612"]
[BlackElo "1513"]
[TimeControl "2700+45"]

1. e4 e5 2. Nf3 Nc6 3. Bb5 Nf6 4. Nc3 a6 5. Bc4 Bc5 6. O-O d6 7. h3 Bd7 8. a3
O-O 9. d3 h6 10. Ne2 Qc8 11. Ng3 Nd4 12. Be3 Nxf3+ 13. Qxf3 Bxe3 14. Qxe3 Ba4
15. Rac1 Bd7 16. Rfe1 Nh7 17. c3 Ng5 18. Kf1 Kh8 19. h4 Nh7 20. d4 f6 21. Bd3
Rf7 22. Nf5 Bxf5 23. exf5 Qe8 24. Qg3 Rd8 25. Bc4 Re7 26. Re2 d5 27. Bb3 exd4
28. Rxe7 Qxe7 29. cxd4 c6 30. Re1 Qf7 31. Bd1 Nf8 32. Bg4 Re8 33. Re3 Rxe3 34.
fxe3 Qe7 35. Ke2 Qe4 36. b4 Qc2+ 37. Kf3 Qd1+ 38. Kf2 Qc2+ 39. Kf3 Qd1+ 40. Kf2
Qc2+ 41. Kg1 Qc1+ 42. Kh2 Qxa3 43. Qb8 Kg8 44. Qxb7 Qxe3 45. Qxc6 Qf4+ 46. Kh3
Qe3+ 47. Bf3 Qxd4 48. Qxd5+ Qxd5 49. Bxd5+ Kh7 50. Bb7 Nd7 51. Bxa6 Nb6 52. Kg3
g6 53. fxg6+ Kxg6 54. Bd3+ f5 55. Kf3 Kf6 56. g4 f4 57. b5 Ke5 58. Be4 Nc4 59.
Bc6 Nb6 60. Be4 Nc4 61. Bd3 Nb6 62. g5 hxg5 63. hxg5 Nd7 64. Kg4 Nf8 65. b6 f3
66. Kxf3 Nd7 67. b7 Kd6 68. Kf4 Kc7 69. Be4 Nf8 70. Kf5 Kb8 71. Kf6 Nd7+ 72. Ke7
Ne5 73. Ke6 Ng4 74. g6 Nh6 75. Bd5 Ng8 76. Kd6 Nh6 77. Ke6 Ng8 78. g7 Kc7 79.
Kf7 Nh6+ 80. Kf8 Kb8 81. g8=Q Nxg8 82. Kxg8 Kc7 83. Kf8 Kb8 84. Ke8 Kc7 85. Be4
Kb8 86. Kd8 Ka7 87. Kc8 Kb6 88. b8=Q+ Kc5 89. Qe5+ {Black resigns} 1-0

[Event "Team 45 45 League T26"]
[Site "Internet Chess Club"]
[Date "2005.03.20"]
[Round "1"]
[White "mogwop"]
[Black "chicopee-ed"]
[Result "0-1"]
[WhiteElo "1476"]
[BlackElo "1558"]
[TimeControl "2700+45"]

1. d4 d5 2. Nf3 Nf6 3. e3 g6 4. Bd3 Bg7 5. O-O O-O 6. Nbd2 Nbd7 7. c3 c5 8. Re1
e6 9. e4 cxd4 10. Nxd4 Nc5 11. Bc2 dxe4 12. Nxe4 Ncxe4 13. Bxe4 Nxe4 14. Rxe4 e5
15. Be3 exd4 16. Bxd4 Re8 17. Rxe8+ Qxe8 18. Bxg7 Kxg7 19. Qd4+ Kg8 20. Kf1 Be6
21. Re1 Qb5+ 22. Kg1 Qxb2 23. a4 Qb6 24. Qxb6 axb6 25. Ra1 Ra5 26. g3 Bd7 27.
Kf1 Rxa4 28. Rxa4 Bxa4 29. Ke2 Bb5+ 30. Ke3 Bc4 31. Kd4 b5 32. Kc5 Kf8 33. Kb6
Ke7 34. Kxb7 Ke6 35. Kc6 Ke5 36. f3 h5 37. h4 f6 38. Kc5 g5 39. hxg5 fxg5 40.
Kc6 h4 {White resigns} 0-1

[Event "Team 45 45 League T26"]
[Site "Internet Chess Club"]
[Date "2005.03.22"]
[Round "1"]
[White "GhostMate"]
[Black "Deathstroke"]
[Result "1-0"]
[WhiteElo "1671"]
[BlackElo "1610"]
[TimeControl "2700+45"]

1. e4 c5 2. Nf3 Nc6 3. Bb5 g6 4. O-O Bg7 5. c3 Nf6 6. Re1 O-O 7. d3 d5 8. e5 Ng4
9. d4 cxd4 10. cxd4 Bh6 11. h3 Qb6 12. Bxc6 Bxc1 13. Qxc1 Nxf2 14. Kxf2 {Black
resigns} 1-0

[Event "Team 45 45 League T26"]
[Site "Internet Chess Club"]
[Date "2005.03.20"]
[Round "1"]
[White "SpeedBlade"]
[Black "gamlinginn"]
[Result "1/2-1/2"]
[WhiteElo "1520"]
[BlackElo "1621"]
[TimeControl "2700+45"]

1. c4 c5 2. g3 e6 3. Bg2 Ne7 4. Nc3 a6 5. e4 d6 6. Nge2 g6 7. d3 Bg7 8. Be3 Nbc6
9. Qd2 Qd7 10. Bh6 O-O 11. Bxg7 Kxg7 12. O-O e5 13. f4 f6 14. Rf2 b6 15. Raf1
Bb7 16. Nd5 Nxd5 17. exd5 Nd4 18. Nxd4 exd4 19. Re2 Rae8 20. Rfe1 f5 21. Re6 Kf7
22. Qe2 Bc8 23. Rxe8 Rxe8 24. Qxe8+ Qxe8 25. Rxe8 Kxe8 26. Bf3 Ke7 27. Bd1 Bd7
28. Kf2 Kf6 29. h4 h6 30. Kf3 h5 31. Ke2 b5 32. b3 {Game drawn by mutual
agreement} 1/2-1/2

[Event "Team 45 45 League T26"]
[Site "Internet Chess Club"]
[Date "2005.03.22"]
[Round "1"]
[White "KirkB"]
[Black "Mr-Patzer2u"]
[Result "1-0"]
[WhiteElo "1553"]
[BlackElo "1504"]
[TimeControl "2700+45"]

1. e4 e6 2. d3 d5 3. Qe2 dxe4 4. dxe4 b6 5. Nf3 Ba6 6. c4 Bc5 7. Nc3 c6 8. g3
Nd7 9. Bg2 Qc7 10. e5 Ne7 11. Nh4 Qxe5 12. Be4 f5 13. f4 Qd6 14. Bg2 Qd4 15. Nf3
Qxc4 16. Qxc4 Bxc4 17. Nd2 Bd5 18. Nxd5 cxd5 19. Nb3 Bd6 20. Nd4 Kf7 21. Kd2
Rhe8 22. a3 Rac8 23. Nb5 Bb8 24. Ke3 a6 25. Nd4 Ba7 26. Bd2 Ng6 27. Rac1 b5 28.
Kd3 Nb6 29. Rhe1 e5 30. Nxf5 e4+ 31. Ke2 Bb8 32. Bc3 Rg8 33. Bh3 Ne7 34. Nxe7
Kxe7 35. Bxc8 Rxc8 36. Bxg7 {Black resigns} 1-0

[Event "Team 45 45 League T26"]
[Site "Internet Chess Club"]
[Date "2005.03.18"]
[Round "1"]
[White "NFK"]
[Black "JSC"]
[Result "0-1"]
[WhiteElo "1626"]
[BlackElo "1879"]
[TimeControl "2700+45"]

1. e4 c6 2. d4 d5 3. e5 Bf5 4. Nf3 e6 5. Be2 c5 6. O-O Nc6 7. c3 Qb6 8. Qb3 Qxb3
9. axb3 cxd4 10. cxd4 Bg4 11. Be3 Bb4 12. Nc3 Nge7 13. Rfc1 Na5 14. Nb5 O-O 15.
Bd1 Bxf3 16. gxf3 Nf5 17. Rc7 a6 18. Na3 Rab8 19. Rac1 Nxe3 20. fxe3 Bd2 21. Kf2
Bxc1 22. Rxc1 Rfc8 23. Rc3 Rc6 24. b4 Nc4 25. Nxc4 Rxc4 26. Rxc4 dxc4 27. Ke2 b5
28. Kd2 Ra8 29. f4 a5 30. Bf3 Ra7 31. Bc6 axb4 32. Bxb5 c3+ 33. bxc3 bxc3+ 34.
Kxc3 Ra3+ 35. Kd2 Ra2+ 36. Kd3 Rxh2 37. Ke4 h5 38. Bd7 h4 39. f5 exf5+ 40. Bxf5
g5 41. Kf3 Kg7 42. d5 Rd2 43. d6 f6 44. d7 fxe5 45. Kg4 Kf6 46. e4 Rg2+ 47. Kh3
Rg3+ 48. Kh2 Rd3 49. Kg2 Ke7 50. Kh2 Rxd7 51. Kg2 Rd3 52. Kh2 Kd6 {White
resigns} 0-1

[Event "Team 45 45 League T26"]
[Site "Internet Chess Club"]
[Date "2005.03.22"]
[Round "1"]
[White "zota"]
[Black "SkatingBishop"]
[Result "1/2-1/2"]
[WhiteElo "1872"]
[BlackElo "1780"]
[TimeControl "2700+45"]

1. e4 d6 2. d4 Nf6 3. Nc3 g6 4. f4 Bg7 5. Nf3 O-O 6. Be2 c5 7. d5 e6 8. dxe6
Bxe6 9. O-O d5 10. e5 Ng4 11. Ng5 Nh6 12. Nb5 Nc6 13. c4 d4 14. Nxe6 fxe6 15.
Bg4 Nf5 16. Bxf5 exf5 17. Qf3 a6 18. Nd6 Qc7 19. Bd2 Rfd8 20. Qd5+ Kf8 21. Qxc5
Kg8 22. Qd5+ Kf8 23. Qc5 Kg8 24. Qd5+ {Game drawn by mutual agreement} 1/2-1/2

[Event "Team 45 45 League T26"]
[Site "Internet Chess Club"]
[Date "2005.03.20"]
[Round "1"]
[White "Egmont"]
[Black "burnsja2003"]
[Result "1-0"]
[WhiteElo "1667"]
[BlackElo "1691"]
[TimeControl "2700+45"]

1. e4 c5 2. Nf3 e6 3. d4 cxd4 4. Nxd4 Nc6 5. c3 d6 6. Bc4 Nf6 7. Bg5 Be7 8. Nd2
O-O 9. O-O a6 10. Bb3 Qc7 11. Be3 b5 12. a4 bxa4 13. Rxa4 Bb7 14. Rc4 d5 15.
exd5 exd5 16. Ra4 Nxd4 17. Bxd4 Bc6 18. Ra1 Qd7 19. Nf3 Ne4 20. Ne5 Qb7 21. Nxc6
Qxc6 22. Qg4 Bf6 23. Bxf6 Nxf6 24. Qd4 Rfd8 25. Rfe1 Re8 26. Rxe8+ Rxe8 27. Ba4
Qe6 28. Bxe8 Qxe8 29. f3 a5 30. Kf2 Qb5 31. b4 h6 32. Rxa5 Qc6 33. Qc5 Qd7 34.
Ra7 Qf5 35. Ra8+ Kh7 36. Qd4 Qc2+ 37. Ke3 Qc1+ 38. Qd2 Qg1+ 39. Qf2 Qc1+ 40. Qd2
Qg1+ 41. Kf4 Qb1 42. Ra2 Qg1 43. g4 Qb6 44. Qd3+ g6 45. Qd4 Qd6+ 46. Qe5 Qb6 47.
Ra8 Kg7 48. Qb8 g5+ 49. Kg3 Qxb8+ 50. Rxb8 h5 51. gxh5 Nxh5+ 52. Kg4 Kg6 53.
Rb6+ f6 54. Rd6 Nf4 55. b5 Kf7 56. b6 Ke7 57. b7 {Black resigns} 1-0